 Dungeon Crawl Stone Soup version 0.32-a0-913-g739538afd8 (webtiles) character file.

Game seed: 2435867443965415412

65 Mgcat the Chopper (level 3, -7/45 HPs)
             Began as a Demonspawn Berserker on Apr 9, 2024.
             Was a Believer of Trog.
             Mangled by a gnoll
             ... wielding a +0 spear
              (8 damage)
             ... on level 3 of the Dungeon.
             The game lasted 00:03:08 (1306 turns).

Mgcat the Chopper (Demonspawn Berserker)            Turns: 1306, Time: 00:03:09

Health: -7/45      AC:  4    Str: 19    XL:     3   Next: 92%
Magic:  3/3        EV: 11    Int:  7    God:    Trog [**....]
Gold:   100        SH:  0    Dex: 12    Spells: 2/2 levels left

rFire   . . .        a - +0 hand axe
rCold   . . .        (no shield)
rNeg    . . .        b - +0 animal skin
rPois   .            k - +0 helmet
rElec   .            (no cloak)
rCorr   .            (no gloves)
SInv    .            (no boots)
Will    .....        (no amulet) Stlth
                     (no ring)
HPRegen 0.27/turn    (no ring)
MPRegen 0.08/turn

%: no passive effects
@: berserking (expiring), very quick
A: claws 1, sharp scales 1
a: Renounce Religion, Berserk, Trog's Hand


You were on level 3 of the Dungeon.
You worshipped Trog.
Trog was pleased with you.
You visited 1 branch of the dungeon, and saw 3 of its levels.

You collected 100 gold pieces.

Inventory:

Hand Weapons
 a - a +0 hand axe (weapon)
Armour
 b - a +0 animal skin (worn)
 k - a +0 helmet (worn)
   (You found it on level 2 of the Dungeon)
Scrolls
 f - 2 scrolls of identify {unknown}
 h - a scroll of teleportation {unknown}
 i - 2 scrolls of noise {unknown}
 l - a scroll of torment {unknown}
Potions
 c - a potion of lignification {unknown}
 d - a potion of haste {unknown}
 e - a potion of degeneration {unknown}
 g - a potion of resistance {unknown}
 j - a potion of curing {unknown}
 m - a potion of brilliance {unknown}


   Skills:
 + Level 3.7 Fighting
 * Level 3.9 Axes
 - Level 1.7 Armour
 - Level 1.7 Dodging


You had 2 spell levels left.
You didn't know any spells.
Your spell library was empty.

Dungeon Overview and Level Annotations

Branches:
Dungeon (3/15)

Altars:


Innate Abilities, Weirdness & Mutations

You have sharp fingernails.
You are partially covered in razor-sharp scales. (AC +1, Slay +1)


Message History

The hobgoblin hits you but does no damage.
You closely miss the hobgoblin. The hobgoblin misses you.
You barely miss the hobgoblin. The hobgoblin closely misses you.
You hit the hobgoblin.
The hobgoblin is moderately wounded.
The hobgoblin hits you. The hobgoblin closely misses you.
You take 4 damage, and have 25/29 hp.
You slash the hobgoblin!
You kill the hobgoblin!
Trog accepts your kill.
No target in view!
No target in view!
HP restored.
Found a stone staircase leading down.
Health restored: 29
Found a stone staircase leading up.
There is a stone staircase leading up here.
An endoplasm comes into view.
Found a stone staircase leading down.
The endoplasm quivers.
An endoplasm is nearby!
You hit the endoplasm.
The endoplasm is heavily wounded.
The endoplasm hits you but does no damage.
You slash the endoplasm!
You kill the endoplasm!
Trog accepts your kill.
No target in view!
You now have 100 gold pieces (gained 8).
There is a stone staircase leading down here.
Done exploring.
Done exploring.
Done exploring.
Done exploring.
Done exploring.
What level of the Dungeon? (default 1, ? - help)
There is a stone staircase leading down here.
You climb downwards.
Found a sling.
Found a stone staircase leading up.
There is a stone staircase leading up here.
A gnoll is nearby!
Spoiler Alert: The gnoll (asleep) can hit for moderate damage in melee, and throws nets!
A gnoll is nearby!
Lua error: [string "/dgldir/rcfiles/crawl-git/Mgcat.rc"]:930: invalid capture index The gnoll shouts!
Spoiler Alert: The gnoll can hit for moderate damage in melee, and throws nets!
A gnoll and a dart slug come into view.
The gnoll shouts!
A gnoll comes into view. It is wielding a +0 spear.
Warning x3: The gnoll can hit for moderate damage in melee, and throws nets! x2
The gnoll (wandering) can hit for moderate damage in melee, and throws nets!
The gnoll shouts!
You slash the gnoll!
The gnoll is heavily wounded.
A quokka comes into view.
The gnoll hits you with a +0 flail!
You take 11 damage, and have 18/29 hp.
MASSIVE DAMAGE!!
Warning x3: The gnoll can hit for moderate damage in melee, and throws nets! x3
You are too injured to fight recklessly!
A red film seems to cover your vision as you go berserk!
You feel yourself moving faster!
You feel mighty! The gnoll barely misses you.
You now have 27/43 hp.
You feel a strong urge to attack something.
You hit the gnoll.
The gnoll is moderately wounded.
You barely miss the gnoll.
The gnoll hits you from afar with a +0 spear.
The gnoll hits you with a +0 flail. The gnoll hits you with a +0 flail!
* * * LOW HITPOINT WARNING * * *
You take 19 damage, and have 8/43 hp.
MASSIVE DAMAGE!!
Warning x3: The gnoll can hit for moderate damage in melee, and throws nets! x3
You slash the gnoll!
You kill the gnoll!
Trog accepts your kill.
You barely miss the quokka. You slash the gnoll!
You kill the gnoll!
Trog accepts your kill. The quokka closely misses you.
The gnoll closely misses you.
Spoiler Alert: The gnoll can hit for moderate damage in melee, and throws nets!
The quokka bites you.
* * * LOW HITPOINT WARNING * * *
The gnoll hits you with a +0 spear.
* * * LOW HITPOINT WARNING * * *
Things that are here:
a +0 flail; a gnoll corpse You take 8 damage, and have 1/45 hp.
Spoiler Alert: The gnoll can hit for moderate damage in melee, and throws nets!
Unknown command.
You hit the gnoll.
The gnoll is lightly wounded.
You slash the quokka!
You kill the quokka!
Trog accepts your kill.
Spoiler Alert: The gnoll can hit for moderate damage in melee, and throws nets!
You slash the gnoll!
The gnoll is almost dead.
The gnoll completely misses you.
You closely miss the gnoll.
The gnoll is almost dead.
You hit the dart slug. The gnoll hits you with a +0 spear!
You die...

....#... ##..
........... #
.......... .# ..
....#...#..#. ..
.....#.#.... #.
....).....## ..
#g#........#
.####.#@#.........
......w.#.........
#####..)..........
#####.........
#.<.<.....
#.........
#.........
#.........
########..


You could see a gnoll and a dart slug.

Vanquished Creatures
  2 gnolls (D:3)
  An adder (D:2)
  2 bats (D:1)
  5 endoplasms
  A giant cockroach (D:2)
  4 goblins
  2 hobgoblins
  A kobold (D:1)
  2 quokkas
  3 ball pythons
  4 frilled lizards
  9 rats
36 creatures vanquished.

Notes
Turn   | Place    | Note
-------+----------+-------------------------------------------
     0 | D:1      | Mgcat the Demonspawn Berserker began the quest for the Orb.
     0 | D:1      | Reached XP level 1. HP: 18/18 MP: 1/1
   158 | D:1      | HP: 4/18 [ball python (2)]
   160 | D:1      | Reached skill level 3 in Axes
   203 | D:1      | Gained mutation: You are partially covered in razor-sharp
                  | scales. (AC +1, Slay +1) [demonic ancestry]
   203 | D:1      | Reached XP level 2. HP: 12/24 MP: 2/2
   968 | D:2      | Gained mutation: You have sharp fingernails. [demonic
                  | ancestry]
   968 | D:2      | Reached XP level 3. HP: 29/29 MP: 3/3
  1031 | D:2      | Reached ** piety under Trog
  1301 | D:3      | HP: 8/43 [gnoll/+0 flail (8)]
  1303 | D:3      | HP: 1/45 [gnoll/+0 spear (6)]
  1306 | D:3      | Mangled by a gnoll

Illustrated notes

Levels and vault maps discovered:
D:1:      dpeg_arrival_leaves_temple_mockup, layout_basic, serial_corexii_hall,
          corexii_hall_statues_s, corexii_hall_statues_i,
          corexii_hall_statues_s, chequers_hall_statues_wall_a,
          minmay_misc_feat_tiny, hangedman_decor_clover_reticule
D:2:      layout_rooms
D:3:      layout_rooms

Skill      XL: |  1 |
---------------+----+-----
Axes           | 3 |  3.9
Fighting       | |  3.7
Armour         | |  1.7
Dodging        | |  1.7

Action                     || total
---------------------------++-------
  Melee: Hand axe          ||    82
 Invoke: Berserk           ||     2
   Stab: Sleeping          ||     2
 Armour: Animal skin       ||    63
  Dodge: Dodged            ||    49

Table legend: (Time is in decaauts)
 A = Elapsed time spent in this place.
 B = Non-inter-level travel time spent in this place.
 C = Inter-level travel time spent in this place.
 D = Time resting spent in this place.
 E = Time spent auto-exploring this place.
 F = Levels seen in this place.
 G = Mean time per level.
                   A        B        C        D        E       F      G
               +--------+--------+--------+--------+--------+-----+--------+
         Total |   1327 |   1277 |     50 |    110 |    923 |   3 |  442.3 |
       Dungeon |   1327 |   1277 |     50 |    110 |    923 |   3 |  442.3 |
               +--------+--------+--------+--------+--------+-----+--------+

Top non-repeatable levels by time:
     D:1: 830 daAuts
     D:2: 487 daAuts
     D:3: 9 daAuts

Levels and vault maps discovered:
D:1:      dpeg_arrival_leaves_temple_mockup, layout_basic, serial_corexii_hall,
          corexii_hall_statues_s, corexii_hall_statues_i,
          corexii_hall_statues_s, chequers_hall_statues_wall_a,
          minmay_misc_feat_tiny, hangedman_decor_clover_reticule
D:2:      layout_rooms
D:3:      layout_rooms

Table legend: (Time is in decaauts)
 A = Elapsed time spent in this place.
 B = Non-inter-level travel time spent in this place.
 C = Inter-level travel time spent in this place.
 D = Time resting spent in this place.
 E = Time spent auto-exploring this place.
 F = Levels seen in this place.
 G = Mean time per level.
                   A        B        C        D        E       F      G
               +--------+--------+--------+--------+--------+-----+--------+
         Total |   1327 |   1277 |     50 |    110 |    923 |   3 |  442.3 |
       Dungeon |   1327 |   1277 |     50 |    110 |    923 |   3 |  442.3 |
               +--------+--------+--------+--------+--------+-----+--------+

Top non-repeatable levels by time:
     D:1: 830 daAuts
     D:2: 487 daAuts
     D:3: 9 daAuts

Table legend:
 A = Kills in this place as a percentage of kills in the entire game.
 B = Kills by you in this place as a percentage of kills by you in the entire game.
 C = Kills by friends in this place as a percentage of kills by friends in the entire game.
 D = Other kills in this place as a percentage of other kills in the entire game.
 E = Experience gained in this place as a percentage of experience gained in the entire game.
 F = Experience gained in this place divided by the number of levels of this place that you have seen.
                   A       B       C       D       E      F
               +-------+-------+-------+-------+-------+----------------------
         Total | 100.0 | 100.0 |   N/A |   N/A | 100.0 |  31.0
       Dungeon | 100.0 | 100.0 |   N/A |   N/A | 100.0 |  31.0
               +-------+-------+-------+-------+-------+----------------------
